 Dungeon Sprint DCSS version 0.27-a0-1139-g28e009f8a6 (webtiles) character file.

Game seed: 12028775506600269348

8304 Zeld the Peltast (level 11, -21/91 HPs)
             Began as an Octopode Fighter on May 8, 2021.
             Was an Elder of Trog.
             Killed from afar by a deep elf zephyrmancer (34 damage)
             ... with a bolt of lightning
             ... in the Dungeon (Sprint V: "Ziggurat Sprint").
             The game lasted 00:03:43 (2209 turns).

Zeld the Peltast (Octopode Fighter)                 Turns: 2209, Time: 00:03:44

Health: -21/91     AC:  1    Str: 31    XL:     11   Next: 28%
Magic:  11/11      EV: 13    Int: 10    God:    Trog [****..]
Gold:   0          SH: 26    Dex: 24    Spells: 10/10 levels left

rFire    . . .     SeeInvis .   k - +5 broad axe (elec)
rCold    . . .     Faith    .   j - +3 tower shield
rNeg     . . .     Spirit   .   (helmet restricted)
rPois    +         Reflect  .   (no amulet)
rElec    .         Harm     .   B - +6 ring of strength
rCorr    .         Rampage  .   C - +6 ring of strength
Will     .....     NoTele   +   y - +6 ring of dexterity
Stlth    +++.......             x - +6 ring of dexterity
HPRegen  0.25/turn              b - ring of poison resistance
MPRegen  0.12/turn              (no ring)
                                (no ring)
                                (no ring)

@: on berserk cooldown, slowed, very slow
A: almost no armour, amphibious, 8 rings, camouflage 1, gelatinous body 1,
(nimble swimmer 1), tentacles
a: Renounce Religion, Berserk, Trog's Hand, Brothers in Arms


You were in the Dungeon.
You worshipped Trog.
Trog was greatly pleased with you.
You visited 1 branch

Inventory:

Hand Weapons
 k - a +5 broad axe of electrocution (weapon)
Armour
 j - a +3 tower shield (worn)
Jewellery
 b - a ring of poison resistance (on tentacle)
 x - a +6 ring of dexterity (on tentacle)
 y - a +6 ring of dexterity (on tentacle)
 z - the ring "Qaejiq Piqau" {Ice Int+5}
   (You found it in the Dungeon)

   [ring of ice]

   It enhances your ice magic.
   It affects your intelligence (+5).
   It makes you vulnerable to fire.
   It protects you from cold.
 B - a +6 ring of strength (left tentacle)
 C - a +6 ring of strength (right tentacle)
Wands
 t - a wand of mindburst (7)
 u - a wand of iceblast (7)
 v - a wand of acid (7)
Scrolls
 a - 4 scrolls of amnesia
 i - 3 scrolls of blinking
 l - 7 scrolls of fog
 m - a scroll of holy word
 n - 5 scrolls of identify
 o - 2 scrolls of fear
Potions
 c - 6 potions of might
 d - 10 potions of curing
 e - 8 potions of heal wounds
 f - 6 potions of haste
 g - 7 potions of magic
 h - 3 potions of berserk rage
 p - 2 potions of brilliance
 q - 2 potions of invisibility
 r - 4 potions of resistance
Miscellaneous
 s - a phial of floods
 w - a phial of floods
 A - a piece from Xom's chessboard (15/15)
 D - a lightning rod (4/4)
 E - a phial of floods
 F - a phantom mirror


   Skills:
 * Level 15.0 Fighting
 * Level 14.8 Axes
 - Level 3.0 Dodging
 * Level 15.0 Shields


You had 10 spell levels left.
You didn't know any spells.
Your spell library was empty.

Dungeon Overview and Level Annotations

Branches:
Dungeon (1/1)

Altars:
Ashenzari
Cheibriados
Dithmenos
Elyvilon
Fedhas
Gozag
Hepliaklqana
Kikubaaqudgha
Makhleb
Nemelex Xobeh
Okawaru
Qazlal
Ru
Sif Muna
Trog
Uskayaw
Vehumet
Wu Jian
Xom
Yredelemnul
Zin
The Shining One
Beogh
Jiyva
Lugonu

Annotations:
D 1 transporter


Innate Abilities, Weirdness & Mutations

You cannot wear most types of armour.
You are amphibious.
You can wear up to eight rings at the same time.
Your skin changes colour to match your surroundings (Stealth+).
Your rubbery body absorbs attacks. (AC +1, EV +1)
((You are camouflaged near water. (Stealth+)))
You have tentacles for arms and can constrict up to eight enemies at once.


Message History

Unknown command.
What are your orders? t - Shout!
Orders for allies: a - Attack new target. r - Retreat! s - Stop attacking. g - Guard the area. f - Follow me.
Anything else - Cancel.
Gang up on whom?
Press: ? - help, Dir - move target, f - deep elf archer
Aim: a deep elf archer, wielding a +0 shortbow, wearing a +0 leather armour and quivering arrows (heavily wounded, repelling missiles, unaware, ally target, hasn't noticed you) Attack!
The deep elf archer points at something and mumbles some strange words.
What are your orders? t - Shout!
Orders for allies: a - Attack new target. p - Attack previous target. r - Retreat! s - Stop attacking. g - Guard the area. f - Follow me.
Anything else - Cancel.
Gang up on whom?
Press: ? - help, Dir - move target, f/p - deep elf archer
Aim: a deep elf archer, wielding a +0 shortbow, wearing a +0 leather armour and quivering arrows (heavily wounded, repelling missiles)
Okay, then.
Your ogre goes berserk!
The deep elf archer casts a spell at your ogre.
Your ogre appears confused.
The deep elf archer shoots an arrow.
The arrow hits your ogre!!
Unknown command.
What are your orders? t - Shout!
Orders for allies: a - Attack new target. p - Attack previous target. r - Retreat! s - Stop attacking. g - Guard the area. f - Follow me.
Anything else - Cancel.
Gang up on whom?
Press: ? - help, Dir - move target, f - deep elf zephyrmancer, p - deep elf archer
Aim: a deep elf zephyrmancer, wielding a +2 vorpal hand axe (ally target) Attack!
The deep elf zephyrmancer points at you and mumbles some strange words.
The bolt of lightning misses you. The bolt of lightning hits you!!
You die...

▓...8©8...▓..8©8..
▓..)::))..▓..[|:..
▓...):}...▓..))...
▓.........▓.......
▓.........▓...)...
▓....)Oe..▓.......
▓.e.......▓.......
▓.▓O))..▓.▓.▓...▓.
▓@...©....▓...©...
▓▓▓▓▓▓▓▓▓▓▓▓▓▓▓▓▓▓


You could see a deep elf archer (repels missiles, ally target), a deep elf
zephyrmancer (ally target) and 2 friendly ogres.

Vanquished Creatures
  A deep elf elementalist (D)
  A dancing weapon (D)
  4 draconians (D)
  4 merfolk (D)
  2 spriggans (D)
  An ushabti (D)
  Sigmund (D)
  A fire elemental (D)
  A yak (D)
  Edmund (D)
  3 black bears (D)
  2 wolves (D)
  2 bullfrogs (D)
  Dowan (D)
  2 iguanas (D)
  Jessica (D)
  An orc wizard (D)
  4 mummies (D)
  2 river rats (D)
  An orc (D)
  A quokka zombie (D)
37 creatures vanquished.

Vanquished Creatures (collateral kills)
  A dancing weapon (D)
  A deep elf zephyrmancer (D)
  Duvessa (D)
  Blork the orc (D)
  Crazy Yiuf (D)
5 creatures vanquished.

Vanquished Creatures (others)
  A water elemental (D)
1 creature vanquished.

Grand Total: 43 creatures vanquished

Notes
Turn   | Place    | Note
-------+----------+-------------------------------------------
     0 | D        | Zeld the Octopode Fighter began the quest for the Orb.
     0 | D        | Reached XP level 1. HP: 16/16 MP: 1/1
     2 | D        | Found a blossoming altar of Fedhas.
     3 | D        | Found the +6 Majin-Bo {vamp, MP+6 Int+6}
     3 | D        | Found the +9 heavy crossbow "Sniper" {vorpal, Acc+∞ SInv}
     3 | D        | Found the +10 dark maul {vorpal}
     3 | D        | Found the +15 Maxwell's patent armour {-Cast -Tele rElec
                  | Will+ rCorr}
     3 | D        | Found the +18 shield of the Gong {rElec rN+ Will+ EV-5}
     3 | D        | Found the +14 obsidian axe {vorpal, Drain Fly SInv}
     3 | D        | Found the +7 great mace "Firestarter" {inner flame, rF++}
     3 | D        | Found the +6 shillelagh "Devastator" {shatter}
     3 | D        | Found the +11 plutonium sword {Contam Stlth-}
     3 | D        | Found the +8 lance "Wyrmbane" {slay drac, rPois rF+ rC+
                  | AC+3}
     3 | D        | Found the +9 sword of Zonguldrok {reap}
     3 | D        | Found the +13 scythe of Curses {drain, Drain}
     3 | D        | Found the +5 sword of Power {vorpal}
     3 | D        | Found the +7 mace of Variability {chain chaos}
     3 | D        | Found the +7 Singing Sword {vorpal, sonic wave}
     3 | D        | Found the +8 storm bow {elec, penet}
     4 | D        | Found a viscous altar of Jiyva.
     4 | D        | Found a hazy altar of Hepliaklqana.
     4 | D        | Found a transporter.
     4 | D        | Found an opulent altar of Gozag.
     4 | D        | Found an ancient bone altar of Kikubaaqudgha.
     4 | D        | Found a corrupted altar of Lugonu.
    12 | D        | Found a burning altar of Makhleb.
    14 | D        | Found a sacrificial altar of Ru.
    14 | D        | Found a shimmering blue altar of Sif Muna.
    14 | D        | Found a stormy altar of Qazlal.
    14 | D        | Found a bloodstained altar of Trog.
    14 | D        | Found an iron altar of Okawaru.
    14 | D        | Found a sparkling altar of Nemelex Xobeh.
    36 | D        | Became a worshipper of Trog the Wrathful
   254 | D        | Entered arena 2.
   254 | D        | Noticed an orc wizard
   254 | D        | Found a transporter.
   257 | D        | Killed an orc wizard
   257 | D        | Reached * piety under Trog
   258 | D        | Reached XP level 2. HP: 19/23 MP: 2/2
   258 | D        | Reached XP level 3. HP: 23/27 MP: 3/3
   557 | D        | Entered arena 3.
   557 | D        | Noticed a yak
   557 | D        | Noticed a bullfrog
   557 | D        | Found a transporter.
   560 | D        | Killed a bullfrog
   561 | D        | Reached skill level 5 in Fighting
   561 | D        | Reached skill level 5 in Axes
   561 | D        | Reached skill level 5 in Shields
   561 | D        | Reached XP level 4. HP: 21/36 MP: 4/4
   561 | D        | Killed a yak
   562 | D        | Reached XP level 5. HP: 25/43 MP: 5/5
   562 | D        | Reached XP level 6. HP: 28/49 MP: 6/6
   920 | D        | Entered arena 4.
   920 | D        | Noticed a draconian
   920 | D        | Noticed a draconian
   920 | D        | Noticed a draconian
   920 | D        | Noticed a draconian
   920 | D        | Found a transporter.
   921 | D        | Identified the +4 quarterstaff of Forced Transition
                  | {antimagic, Fragile +Rage Fly Int+2}
   925 | D        | Killed a draconian
   925 | D        | Reached ** piety under Trog
   926 | D        | Reached XP level 7. HP: 42/57 MP: 0/7
   931 | D        | Killed a draconian
   932 | D        | Reached skill level 10 in Fighting
   932 | D        | Reached skill level 10 in Axes
   932 | D        | Reached skill level 10 in Shields
   932 | D        | Reached XP level 8. HP: 57/65 MP: 0/8
   934 | D        | Killed a draconian
   937 | D        | Killed a draconian
   938 | D        | Reached XP level 9. HP: 52/72 MP: 0/9
  1027 | D        | Reached XP level 10. HP: 80/80 MP: 10/10
  1249 | D        | Entered arena 5.
  1249 | D        | Found a transporter.
  1254 | D        | Reached *** piety under Trog
  1521 | D        | Entered arena 6.
  1521 | D        | Found a transporter.
  1524 | D        | Reached **** piety under Trog
  1527 | D        | Reached ***** piety under Trog
  1698 | D        | Got the ring "Qaejiq Piqau" {Ice Int+5}
  1805 | D        | Entered arena 7.
  1807 | D        | Found a transporter.
  1893 | D        | Entered arena 8.
  1894 | D        | Found a transporter.
  1900 | D        | Received a gift from Trog
  1968 | D        | Entered arena 9.
  1968 | D        | Noticed Sigmund
  1968 | D        | Noticed Jessica
  1968 | D        | Noticed Blork the orc
  1968 | D        | Noticed Crazy Yiuf
  1968 | D        | Noticed Dowan
  1968 | D        | Noticed Duvessa
  1968 | D        | Noticed Edmund
  1969 | D        | Found a transporter.
  1972 | D        | Killed Crazy Yiuf
  1973 | D        | Killed Duvessa
  1974 | D        | Killed Edmund
  1974 | D        | Killed Blork the orc
  1976 | D        | Killed Dowan
  1976 | D        | Killed Jessica
  1979 | D        | Killed Sigmund
  2188 | D        | Entered arena 10.
  2188 | D        | Noticed a deep elf zephyrmancer
  2188 | D        | Noticed a deep elf archer
  2188 | D        | Noticed a +1 long sword of protection
  2188 | D        | Noticed a deep elf elementalist
  2188 | D        | Noticed a deep elf zephyrmancer
  2188 | D        | Noticed a +1 vorpal battleaxe
  2189 | D        | Identified the +4 hand axe "Spider's Nightmare" {vorpal,
                  | +Blink rPois rF+ Str-2}
  2194 | D        | Killed a +1 vorpal battleaxe
  2196 | D        | Killed a +1 long sword of protection
  2197 | D        | Reached XP level 11. HP: 15/90 MP: 11/11
  2198 | D        | Killed a deep elf elementalist
  2199 | D        | Received a gift from Trog
  2199 | D        | Killed a deep elf zephyrmancer
  2200 | D        | Reached skill level 15 in Fighting
  2200 | D        | Reached skill level 15 in Shields
  2200 | D        | Found a transporter.
  2209 | D        | Killed from afar by a deep elf zephyrmancer

Illustrated notes

Levels and vault maps discovered:
D:        sprint_v [room_start, room_1, room_2, room_3, room_4, room_5, room_6,
          room_7, room_8, room_9, room_10, room_11, room_12, room_13, room_14,
          room_15, room_16, room_17, room_18, room_19, room_20, room_21,
          room_22, room_23, room_24, room_25, room_26, room_27]

Skill      XL: |  1  2  3  4  5  6  7  8  9 10 11 |
---------------+----------------------------------+-----
Fighting       | 4 5 7 9 10 11 12 14 15 | 15.0
Axes           | 3 5 7 9 10 11 12 14 | 14.8
Shields        | 4 5 7 9 10 11 12 14 15 | 15.0
Dodging        | |  3.0

Action                   |  1- 3 |  4- 6 |  7- 9 | 10-12 || total
-------------------------+-------+-------+-------+-------++-------
Melee: Broad axe         |     4 |     5 |     8 |    37 ||    54
       Constrict         |     2 |     1 |     3 |    12 ||    18
       Tentacles         |       |       |     4 |    15 ||    19
Invok: Berserk           |       |       |       |     6 ||     6
       Brothers in Arms  |       |       |       |     7 ||     7
Evoke: Lightning rod     |       |     3 |       |       ||     3
  Use: Scroll            |     1 |       |     1 |       ||     2
       Potion            |       |       |     3 |       ||     3
Dodge: Dodged            |       |     2 |     3 |    12 ||    17
Block: Tower shield      |     4 |     7 |    12 |    48 ||    71

Table legend: (Time is in decaauts)
 A = Elapsed time spent in this place.
 B = Non-inter-level travel time spent in this place.
 C = Inter-level travel time spent in this place.
 D = Time resting spent in this place.
 E = Time spent auto-exploring this place.
 F = Levels seen in this place.
 G = Mean time per level.
                   A        B        C        D        E       F      G
               +--------+--------+--------+--------+--------+-----+--------+
         Total |   2271 |   2271 |      0 |   2004 |      0 |   1 | 2271.0 |
       Dungeon |   2271 |   2271 |      0 |   2004 |      0 |   1 | 2271.0 |
               +--------+--------+--------+--------+--------+-----+--------+

Top non-repeatable levels by time:
       D: 2271 daAuts
